cohdb
Replays
Latest Replays
All Replays
Popular Replays
Top Player Replays
Match Explorer
How It Works
Community
CoH3 Stats
Reddit
Sign in to upload your games and track your stats! →
Sign in with Steam
Match 46342370
Unlisted
Match 46342370
Overview
Messages
Build Orders
End
Panzergrenadier Squad
Panzergrenadier Squad
Construct Light Support Kompanie
Assault Grenadier Squad
Panzerjäger Squad
Fire Support Elements
Combat Half-tracks
Assault Mechanized Group
Construct Panzerarmee Kommand
Panzerjäger Mechanized Group
Selects Armored Support Battlegroup
Selects Veteran Gunners
Selects Salvage Kits
Selects Panzer Storm
Royale with Cheese
FANBOY
Stormless
Grunka Lunka
0
0
Comments
sign in to comment!
No comments posted yet!